 Dungeon Crawl Stone Soup version 0.23.2-40-g277498a001 (webtiles) character file.

Game seed: 1418906385865055109

453 DenSaoPin the Chopper (level 6, -1/56 HPs)
             Began as a Minotaur Gladiator on Oct 19, 2019.
             Slain by an orc wizard
             ... wielding a +0 dagger
              (4 damage)
             ... on level 4 of the Dungeon.
             The game lasted 00:10:06 (3841 turns).

DenSaoPin the Chopper (Minotaur Gladiator)          Turns: 3841, Time: 00:10:07

Health: -1/56      AC:  8    Str: 21    XL:     6   Next: 75%
Magic:  5/5        EV:  6    Int:  5    God:
Gold:   132        SH: 13    Dex: 11    Spells: 5/5 levels left

rFire    . . .     SeeInvis .   a - +0 war axe
rCold    . . .     Gourm    .   u - +0 large shield
rNeg     . . .     Faith    .   p - +0 scale mail
rPois    .         Spirit   .   c - +0 hat
rElec    .         Reflect  .   (no cloak)
rCorr    .         Harm     .   s - +0 pair of gloves
MR       .....                  (no boots)
Stlth    ..........             (no amulet)
HPRegen  0.18/turn              (no ring)
MPRegen  0.09/turn              (no ring)

@: no status effects
A: retaliatory headbutt, horns 2
a: no special abilities


You were on level 4 of the Dungeon.
You were hungry.

You visited 1 branch of the dungeon, and saw 4 of its levels.

You collected 132 gold pieces.

Inventory:

Hand Weapons
 a - a +0 war axe (weapon)
 h - a +1 short sword of electrocution
Missiles
 d - 3 throwing nets (quivered)
Armour
 b - a +0 leather armour
 c - a +0 hat (worn)
 p - a +0 scale mail (worn)
 s - a +0 pair of gloves (worn)
 u - a +0 large shield (worn)
Jewellery
 t - an uncursed ring of wizardry {unknown}
Scrolls
 i - 2 scrolls of teleportation {unknown}
 j - a scroll of fog {unknown}
 k - a scroll of immolation {unknown}
 m - a scroll of magic mapping {unknown}
 n - 5 scrolls of remove curse {unknown}
 o - a scroll of enchant weapon {unknown}
 q - a scroll of identify {unknown}
 r - a scroll of amnesia {unknown}
 w - a scroll of fear {unknown}
Potions
 e - 2 potions of mutation {unknown}
 g - 3 potions of curing {unknown}
 l - a potion of cancellation {unknown}
Comestibles
 f - 8 rations
 v - 2 chunks of flesh


   Skills:
 + Level 5.2 Fighting
 + Level 5.8 Axes
 - Level 2.2 Throwing
 + Level 4.1 Armour
 - Level 3.5 Dodging
 + Level 2.0 Shields


You had 5 spell levels left.
You didn't know any spells.
Your spell library was empty.

Dungeon Overview and Level Annotations

Branches:
Dungeon (4/15)
 Temple: D:4-7

Altars:
Cheibriados
Ru
Sif Muna
The Shining One

Annotations:
D:3 Sigmund


Innate Abilities, Weirdness & Mutations

You reflexively headbutt those who attack you in melee.
You have a pair of horns on your head.


Message History

The hound is almost dead.
You barely miss something. Something hits you but does no damage.
You block the hound's attack. Something hits you but does no damage.
You hit the hound.
The hound is almost dead.
Your shield and scale mail prevent you from hitting something.
The hound bites you but does no damage. Something hits you.
* * * LOW HITPOINT WARNING * * *
The hound bites you but does no damage. Something hits you but does no damage.
You block the hound's attack.
The hound enters a dispersal trap!
You blink.
The hound blinks!
The hound enters a dispersal trap!
You blink.
You hit the hound but do no damage.
The hound is almost dead.
You block the hound's attack. The hound bites you but does no damage.
You hit the hound.
You kill the hound!
Your Shields skill increases to level 2!
Something hits you.
You die...

#..# #.## ##..# #...#
#...# #.#.. #.#..
######### #.#..
#..@....###### #.#..
#.####.......###.#..
#.###...####.......#
#.##....# #####...#
####§##.>..# #...#
#.......##.# #...##
#.##...§...# #.#..#
#.####h§##########.#..#
#.##.{..##)......#.##.#


There were no monsters in sight!

Vanquished Creatures
  A phantom (D:4)
  3 orc wizards
  A hound (D:4)
  A jelly (D:3)
  An orc priest (D:4)
  Jessica (D:2)
  4 adders
  An adder zombie (D:3)
  5 worms
  2 dart slugs (D:2)
  A leopard gecko (D:2)
  8 orcs
  A ball python (D:3)
  8 giant cockroaches
  7 goblins
  6 hobgoblins
  13 jackals
  11 kobolds
  3 quokkas (D:2)
  9 bats
  2 frilled lizards (D:3)
  14 rats
103 creatures vanquished.

Notes
Turn   | Place    | Note
-------+----------+-------------------------------------------
     0 | D:1      | DenSaoPin the Minotaur Gladiator began the quest for the
                  | Orb.
     0 | D:1      | Reached XP level 1. HP: 18/18 MP: 0/0
     1 | D:1      | Noticed a minotaur skeleton
    17 | D:1      | Noticed a minotaur skeleton
    82 | D:1      | Reached XP level 2. HP: 23/25 MP: 1/1
   472 | D:1      | Reached skill level 1 in Armour
   511 | D:1      | Reached XP level 3. HP: 26/31 MP: 2/2
  1809 | D:2      | Reached XP level 4. HP: 38/38 MP: 3/3
  1812 | D:2      | Noticed Jessica
  1814 | D:2      | Killed Jessica
  2323 | D:3      | Noticed Sigmund
  2721 | D:3      | Found a deep blue altar of Sif Muna.
  2760 | D:3      | Reached skill level 5 in Axes
  2760 | D:3      | Reached XP level 5. HP: 16/46 MP: 4/4
  2962 | D:3      | Found a glowing golden altar of the Shining One.
  3490 | D:3      | Found a snail-covered altar of Cheibriados.
  3594 | D:4      | Found a sacrificial altar of Ru.
  3608 | D:4      | Noticed a phantom
  3629 | D:4      | Killed a phantom
  3629 | D:4      | Reached skill level 1 in Shields
  3629 | D:4      | Reached XP level 6. HP: 36/55 MP: 5/5
  3825 | D:4      | Reached skill level 5 in Fighting
  3835 | D:4      | HP: 2/56 [something (4)]
  3841 | D:4      | Slain by an orc wizard

Skill      XL: |  1  2  3  4  5  6 |
---------------+-------------------+-----
Axes           | 4 5 |  5.8
Fighting       | 3 4 5 |  5.2
Armour         | 1 2 3 4 |  4.1
Shields        | 1 2 |  2.0
Throwing       | |  2.2
Dodging        | |  3.5

Action                   |  1- 3 |  4- 6 || total
-------------------------+-------+-------++-------
Melee: War axe           |    94 |   151 ||   245
       Headbutt          |    11 |    17 ||    28
  Eat: Chunk             |     2 |     7 ||     9
Armor: Leather armour    |    18 |       ||    18
       Scale mail        |       |   102 ||   102
Dodge: Dodged            |    81 |    90 ||   171
Block: Large shield      |       |    55 ||    55
